 Dungeon Crawl Stone Soup version 0.24.0-2-g5b39cebb1c (webtiles) character file.

Game seed: 4291946065022132989, levelgen mode: deterministic

96 Masnef the Ruffian (level 4, 0/45 HPs)
             Began as an Ogre Warper on Oct 30, 2019.
             Slain by an adder (2 damage)
             ... on level 3 of the Dungeon.
             The game lasted 00:07:28 (3816 turns).

Masnef the Ruffian (Ogre Warper)                    Turns: 3816, Time: 00:07:28

Health: 0/45       AC:  3    Str: 15    XL:     4   Next: 67%
Magic:  8/8        EV: 10    Int: 14    God:
Gold:   65         SH:  0    Dex:  9    Spells: 1/8 levels left

rFire    . . .     SeeInvis .     - Unarmed
rCold    . . .     Gourm    .   (no shield)
rNeg     + . .     Faith    .   a - +0 robe
rPois    .         Spirit   .   (helmet restricted)
rElec    .         Reflect  .   (no cloak)
rCorr    .         Harm     .   (gloves unavailable)
MR       .....                  (boots unavailable)
Stlth    +.........             (no amulet)
HPRegen  0.15/turn              k - ring of positive energy
MPRegen  0.11/turn              (no ring)

@: no status effects
A: large, unfitting armour, tough skin 1
a: no special abilities


You were on level 3 of the Dungeon.
You were not hungry.

You visited 1 branch of the dungeon, and saw 3 of its levels.

You collected 65 gold pieces.

Inventory:

Hand Weapons
 b - a +0 club
Missiles
 d - 4 boomerangs of dispersal (quivered)
Armour
 a - a +0 robe (worn)
 l - a +0 shield
Jewellery
 k - a ring of positive energy (left hand)
Scrolls
 c - 2 scrolls of blinking
 e - a scroll of teleportation {unknown}
 g - a scroll of fear {unknown}
 h - a scroll of identify {unknown}
 i - a scroll of fog {unknown}
Potions
 j - a potion of curing
Comestibles
 f - 4 rations
 m - 3 chunks of flesh


   Skills:
 + Level 3.0 Fighting
 - Level 1.0 Throwing
 + Level 2.7 Dodging
 * Level 3.4 Unarmed Combat
 + Level 2.8 Spellcasting
 * Level 2.8 Translocations


You had one spell level left.
You knew the following spells:

 Your Spells              Type           Power        Failure   Level  Hunger
a - Blink                 Tloc           N/A          10%         2    ###....
b - Shroud of Golubria    Chrm/Tloc      #.....       19%         2    ###....
c - Teleport Other        Tloc           ##......     21%         3    ###....

Your spell library contained the following spells:

 Spells                   Type           Power        Failure   Level  Hunger
 Gell's Gravitas          Tloc           ##........   21%         3    ###....
 Lesser Beckoning         Tloc           ##........   21%         3    ###....
 Passage of Golubria      Tloc           N/A          54%         4    #####..


Dungeon Overview and Level Annotations

Branches:
Dungeon (3/15)

Altars:
Vehumet
Xom


Innate Abilities, Weirdness & Mutations

You are too large for most types of armour.
You have tough skin. (AC +1)


Message History

* * * LOW HITPOINT WARNING * * *
The orc hits you with a +0 short sword.
* * * LOW HITPOINT WARNING * * *
The jackal barely misses you.
You closely miss the adder.
The adder is almost dead.
The adder bites you but does no damage. The jackal barely misses you. x2
The orc barely misses you. x2
Unknown command.
You barely miss the adder.
The adder is almost dead.
The jackal closely misses you. The adder bites you but does no damage.
The jackal bites you.
* * * LOW HITPOINT WARNING * * *
The jackal bites you.
* * * LOW HITPOINT WARNING * * *
The orc hits you with a +0 short sword.
* * * LOW HITPOINT WARNING * * *
The adder bites you.
You die...

##. ##.###.# #...#.>#
#...#...#..##########...######
#........)....................
#..#.<...)>#.####.#.####..##..
##.......#.#...##...#####.).(.
#..####.#.###................
.... #..÷)......[...######..
.##.#####÷...).h....÷###
....^.
........####@o.>........##..#
#.##...)# #ohSh..##.######.##
#...## #ob.h..# .# ... #...
...[.$...... )... ####
#....#........ ..
..##........... ...
####......... .... .#...


You could see an orc wizard, an adder, 2 orcs, 4 jackals and a bat.

Vanquished Creatures
  3 adders
  An ooze (D:3)
  A dart slug (D:2)
  2 leopard geckos (D:1)
  3 orcs (D:3)
  A giant cockroach (D:1)
  5 hobgoblins
  9 jackals
  2 ball pythons
  4 bats
  3 frilled lizards (D:1)
  7 goblins
  11 kobolds
  5 rats
  A butterfly (D:1)
58 creatures vanquished.

Notes
Turn   | Place    | Note
-------+----------+-------------------------------------------
     0 | D:1      | Masnef the Ogre Warper began the quest for the Orb.
     0 | D:1      | Reached XP level 1. HP: 22/22 MP: 3/3
    29 | D:1      | HP: 1/22 [leopard gecko (4)]
   362 | D:1      | Reached XP level 2. HP: 9/29 MP: 5/5
   581 | D:1      | Learned a level 2 spell: Blink
   584 | D:1      | Learned a level 2 spell: Shroud of Golubria
  1460 | D:1      | Reached XP level 3. HP: 36/36 MP: 1/6
  1573 | D:1      | Found a shimmering altar of Xom.
  2384 | D:2      | Reached XP level 4. HP: 25/45 MP: 6/8
  3674 | D:3      | Learned a level 3 spell: Teleport Other
  3711 | D:3      | Found a radiant altar of Vehumet.
  3816 | D:3      | HP: 2/45 [orc/+0 short sword (1)]
  3816 | D:3      | Slain by an adder

Levels and vault maps discovered:
D:1:      lemuel_arrival_cross, layout_basic, hangedman_glass_garden,
          minmay_misc_feat_doors, chequers_serial_rivers_room_a,
          xom_teletrap_fun
D:2:      layout_loops_ring, first_ration
D:3:      layout_rooms, lightli_temple_of_fire, vehumet_crystals,
          ashenzari_altar_1

Skill      XL: |  1  2  3 |
---------------+----------+-----
Unarmed Combat | 2 3 |  3.4
Fighting       | 3 |  3.0
Throwing       | |  1.0
Dodging        | |  2.7
Spellcasting   | |  2.8
Translocations | |  2.8

Action                   |  1- 3 |  4- 6 || total
-------------------------+-------+-------++-------
Melee: Unarmed           |   159 |   113 ||   272
       Club              |     4 |       ||     4
       Punch             |     1 |       ||     1
Throw: Boomerang         |     1 |       ||     1
 Cast: Shroud of Golubri |     4 |     7 ||    11
       Blink             |     2 |       ||     2
  Use: Potion            |     1 |     1 ||     2
  Eat: Chunk             |     5 |     5 ||    10
Armor: Robe              |    61 |    39 ||   100
Dodge: Dodged            |    84 |    86 ||   170
